 Dungeon Crawl Stone Soup version 0.28-a0-1199-gef9e1dbd39 (webtiles) character file.

Game seed: 4824410046369690693

88302 HessuHobo the Warrior (level 15, -5/149 HPs)
             Began as a Minotaur Fighter on Dec 8, 2021.
             Was a High Priest of Okawaru.
             Slain by a tentacle (11 damage)
             ... attached to a kraken
             ... on level 2 of the Shoals on Dec 19, 2021.
             The game lasted 01:31:22 (39285 turns).

HessuHobo the Warrior (Minotaur Fighter)           Turns: 39285, Time: 01:31:22

Health: -5/149     AC: 20    Str: 28    XL:     15   Next: 46%
Magic:  21/21      EV:  6    Int:  5    God:    Okawaru [*****.]
Gold:   2065       SH: 18    Dex: 10    Spells: 14/14 levels left

rFire   . . .      SeeInvis .   O - +2 demon trident (vamp)
rCold   + . .      Faith    .   P - +0 tower shield
rNeg    + . .      Spirit   .   L - +3 plate armour {rC+}
rPois   .          Reflect  .   (helmet restricted)
rElec   .          Harm     .   V - scarf {repulsion}
rCorr   .          Rampage  .   y - +0 pair of gloves
Will    ++...                   R - +1 pair of boots {Stlth+}
Stlth   ..........              F - amulet of regeneration
HPRegen 1.14/turn               t - ring of positive energy
MPRegen 0.17/turn               W - ring of willpower

@: mighty, hasted, studying Crossbows, repel missiles, quick
A: horns 2, retaliatory headbutt
a: Renounce Religion, Heroism, Finesse, Duel


You were on level 2 of the Shoals.
You worshipped Okawaru.
Okawaru was extremely pleased with you.
You visited 3 branches of the dungeon, and saw 23 of its levels.

You collected 2650 gold pieces.
You spent 585 gold pieces at shops.

Inventory:

Hand Weapons
 A - a +1 demon trident of freezing
 O - a +2 vampiric demon trident (weapon)
 U - the +5 hunting sling of Weul {vorpal, +Blink rF++ rCorr Int-5}
   (You found it on level 1 of the Lair of Beasts)

   Any ammunition fired from it inflicts extra damage upon your enemies.
   Int:       It affects your intelligence (-5).
   rF:        It greatly protects you from fire.
   +Blink:    It lets you blink.
   rCorr:     It protects you from acid and corrosion.
Missiles
 b - 17 javelins (quivered)
 f - 30 poisoned darts
 J - a throwing net
 Z - 6 silver javelins
Armour
 y - a +0 pair of gloves (worn)
 L - a +3 plate armour of cold resistance (worn)
 P - a +0 tower shield (worn)
 R - a +1 pair of boots of stealth (worn)
 V - a scarf of repulsion (worn)
Jewellery
 a - a ring of willpower
 d - an amulet of faith
 t - a ring of positive energy (left hand)
 F - an amulet of regeneration (around neck)
 K - a ring of wizardry
 W - a ring of willpower (right hand)
Wands
 c - a wand of mindburst (36)
 h - a wand of paralysis (6)
 x - a wand of flame (44)
 D - a wand of iceblast (7)
 E - a wand of digging (12)
 N - a wand of acid (12)
 Y - a wand of polymorph (8)
Scrolls
 e - 4 scrolls of fog
 k - a scroll of enchant weapon
 m - 13 scrolls of teleportation
 p - 3 scrolls of magic mapping
 r - a scroll of brand weapon {unknown}
 B - 3 scrolls of vulnerability
 G - 3 scrolls of immolation
 H - a scroll of summoning {unknown}
 I - a scroll of torment {unknown}
 M - 4 scrolls of blinking
 Q - a scroll of silence {unknown}
 S - a scroll of fear
 X - 5 scrolls of amnesia
Potions
 g - 2 potions of resistance
 i - 3 potions of flight
 j - 5 potions of heal wounds
 l - 3 potions of attraction
 n - 6 potions of mutation
 o - 2 potions of invisibility
 q - a potion of might
 s - 5 potions of brilliance
 u - 4 potions of ambrosia
 v - a potion of berserk rage {unknown}
 w - 6 potions of haste
 z - 7 potions of curing
 C - a potion of lignification {unknown}
 T - a potion of magic {unknown}


   Skills:
 + Level 17.9 Fighting
 - Level 11.3(13.5) Axes
 - Level 12.1(14.0) Polearms
 - Level 5.0 Throwing
 + Level 8.7 Armour
 + Level 16.1 Shields
 + Level 10.4 Invocations
 + Level 5.7 Evocations


You had 14 spell levels left.
You didn't know any spells.
Your spell library contained the following spells:

 Spells                   Type           Power      Damage    Failure   Level
 Beastly Appendage        Tmut           0%         N/A       100%        1
 Freeze                   Ice            0%         1d3       100%        1
 Slow                     Hex            0%         N/A       100%        1
 Ensorcelled Hibernation  Hex/Ice        0%         N/A       100%        2
 Passwall                 Tmut/Erth      0%         N/A       100%        2
 Scorch                   Fire           0%         2d5       100%        2
 Static Discharge         Conj/Air       0%         N/A       100%        2
 Sublimation of Blood     Necr           0%         N/A       100%        2
 Wereblood                Tmut           0%         N/A       100%        2
 Confusing Touch          Hex            0%         N/A       100%        3
 Frozen Ramparts          Ice            0%         1d2       100%        3
 Portal Projectile        Hex/Tloc       0%         N/A       100%        3
 Spider Form              Tmut/Pois      0%         N/A       100%        3
 Stone Arrow              Conj/Erth      0%         3d7       100%        3
 Swiftness                Air            0%         N/A       100%        3
 Vampiric Draining        Necr           0%         2d6       100%        3
 Flame Wave               Conj/Fire      0%         2d4       100%        4
 Hailstorm                Conj/Ice       0%         3d3       100%        4
 Passage of Golubria      Tloc           0%         N/A       100%        4
 Petrify                  Tmut/Erth      0%         N/A       100%        4
 Blade Hands              Tmut           0%         N/A       100%        5
 Excruciating Wounds      Necr           0%         N/A       100%        5
 Irradiate                Conj/Tmut      0%         3d13      100%        5
 Lightning Bolt           Conj/Air       0%         1d11      100%        5
 Silence                  Hex/Air        0%         N/A       100%        5
 Lehudib's Crystal Spear  Conj/Erth      0%         10d2      100%        8
 Maxwell's Capacitive Co  Air            0%         ∞         100%        8
 Shatter                  Erth           0%         3d5*      100%        9
 Tukima's Dance           Hex            Unusable   N/A       N/A         3
 Animate Armour           Summ/Erth      Unusable   N/A       N/A         4
 Summon Cactus Giant      Summ           Unusable   N/A       N/A         6

Dungeon Overview and Level Annotations

Branches:
Dungeon (15/15)            Temple (0/1) D:7            Lair (6/6) D:8
 Shoals (2/4) Lair:4        Snake (0/4) Lair:4        Slime (0/5) Lair:6
    Orc (0/2) D:9          Vaults (0/5) D:14         Depths (0/4) D:15

Altars:
Elyvilon
Fedhas
Gozag
Hepliaklqana
Makhleb
Okawaru
Uskayaw
Vehumet
Xom
The Shining One
Beogh
Jiyva

Shops:
D:3 (   D:8 *   D:15 (!=(   Shoals:1 :

Portals:
Hell: Lair:6

Annotations:
D:11 2 transporters, Lekart's ghost, journeyman DrFi
D:13 3 runed translucent doors, Htamos's ghost, journeyman TrMo
D:15 Roxanne
Shoals:2 1 runed translucent door, bgiannan's ghost, adept HOMo


Innate Abilities, Weirdness & Mutations

You have a pair of horns on your head.
You reflexively headbutt those who attack you in melee.


Message History

You hit the tentacle segment.
You feel better.
You headbutt the tentacle segment!
The tentacle segment is moderately wounded.
You block the tentacle's attack.
You hit the tentacle segment.
You feel better.
The tentacle segment is heavily wounded.
You block the tentacle's attack. 2 tentacle segments come into view.
You impale the tentacle segment!! You headbutt the tentacle segment!
You kill the tentacle segment!
Tentacles burst out of the water! 4 tentacles come into view.
The tentacle slaps you! The tentacle closely misses you.
You furiously retaliate!
You headbutt the tentacle!!
A tentacle segment bursts forth from the water. 2 tentacle segments come into view.
You enter the shallow water.
Moving in this stuff is going to be slow.
A tentacle segment bursts forth from the water. x3
The kraken squirts a massive cloud of ink into the water!
You block the tentacle's attack. x2
A tentacle segment comes into view.
You block the kraken's attack. You block the tentacle's attack.
The tentacle slaps you but does no damage.
You block the kraken's attack. The tentacle slaps you!
* * * LOW HITPOINT WARNING * * *
You hit the kraken but do no damage.
You headbutt the kraken, but do no damage.
The kraken is almost dead.
You block the tentacle's attack. The kraken bites you!!
* * * LOW HITPOINT WARNING * * *
Your unstable footing causes you to fumble your attack.
You block the tentacle's attack. x2
Your unstable footing causes you to fumble your attack.
A tentacle segment bursts forth from the water. x3
The tentacle slaps you!
* * * LOW HITPOINT WARNING * * *
The kraken bites you but does no damage.
The tentacle slaps you!
You die...

..≈≈≈≈..####...≈≈≈###.^
≈≈≈≈≈≈.###....≈≈≈≈≈.....
≈≈≈≈≈≈≈.##..≈≈.≈≈≈≈≈≈≈..
≈≈≈≈≈≈≈≈.......≈≈≈≈≈≈≈≈≈
.≈≈≈≈≈≈≈≈≈...#..≈≈≈≈≈≈≈
.≈≈≈≈≈≈≈≈≈≈.......≈≈≈≈≈
..≈≈≈≈≈≈≈≈≈≈.≈.§.≈≈§≈≈≈
≈≈≈≈.≈≈≈≈≈≈≈..≈w§§§≈≈≈≈
≈≈≈..≈≈≈≈≈.....w@§§≈≈≈≈
≈≈≈..≈≈≈≈..###.≈§X§≈≈≈≈
≈≈.........# #..§§§≈≈≈≈
...... #.§§≈≈≈≈≈≈ .≈≈.
..§§≈≈≈≈≈≈ ...§≈≈≈≈≈≈≈
.....≈≈≈≈≈≈≈ ...##.


You could see a kraken and 2 tentacles.

Vanquished Creatures
  Frances (D:12)
  An azure jelly (Lair:6)
  Snorg (D:13)
  A fire dragon (D:15)
  A merfolk javelineer (Shoals:1)
  Harold (D:7)
  2 merfolk impalers (Shoals:1)
  3 boulder beetles
  8 vault guards
  11 hydras
  An ice dragon (D:15)
  A centaur warrior (D:13)
  2 merfolk avatars (Shoals:1)
  2 catoblepae (D:15)
  A hell beast (Lair:6)
  6 two-headed ogres
  4 death yaks (Lair:5)
  Nergalle (Lair:2)
  2 sea snakes
  2 wizards
  A lindwurm (Lair:5)
  8 harpies
  2 deep elf pyromancers
  An oklob plant (Lair:5)
  5 ugly things (D:15)
  A manticore (D:15)
  6 cyclopes
  6 elephants (Lair:5)
  3 black mambas
  Joseph (D:9)
  2 orange demons (Lair:6)
  19 cane toads
  A merfolk siren (Shoals:1)
  A kobold demonologist (D:13)
  An unseen horror (D:12)
  Psyche (D:12)
  2 gargoyles
  Maggie (D:9)
  15 komodo dragons
  7 rime drakes
  A hellwing (Lair:6)
  2 ice devils (Lair:6)
  A red devil (Lair:6)
  5 merfolk
  A jumping spider (shapeshifter) (D:13)
  A troll (D:9)
  2 polar bears (Lair:4)
  8 slime creatures
  Prince Ribbit (D:5)
  A blink frog (shapeshifter) (D:14)
  16 dream sheep
  24 blink frogs
  A shadow (D:10)
  2 wyverns
  A spriggan (D:8)
  7 basilisks
  42 yaks
  A golden eye (shapeshifter) (D:15)
  3 wraiths
  A steam dragon (D:8)
  2 vampire mosquitoes (D:14)
  4 hell hounds (Lair:6)
  An ice beast (D:6)
  24 water moccasins
  3 orc warriors
  2 black bears
  2 sky beasts
  A swamp drake (D:9)
  4 ogres
  9 centaurs
  A phantom (D:6)
  10 wolves
  A kobold brigand (D:9)
  12 bullfrogs
  A wyvern zombie (D:6)
  4 scorpions
  A water moccasin zombie (D:6)
  6 wights
  A killer bee (D:9)
  A howler monkey (D:11)
  A crimson imp (D:7)
  2 bullfrog zombies (D:6)
  5 centaur zombies
  A bullfrog skeleton (D:6)
  5 hounds
  5 jellies (Lair:6)
  A gnoll shaman (D:7)
  3 orc priests (D:9)
  Crazy Yiuf (D:5)
  An iguana (D:3)
  Ijyb (D:5)
  9 orc wizards
  A killer bee zombie (D:6)
  2 howler monkey zombies
  6 gnolls
  3 howler monkey skeletons
  12 adders
  An ufetubus (D:7)
  2 worms
  4 dart slugs
  24 orcs
  7 bats
  12 endoplasms
  7 giant cockroaches
  13 goblins
  10 hobgoblins
  4 jackals (D:3)
  4 quokkas
  12 ball pythons
  6 frilled lizards
  9 kobolds
  7 rats
  2 tentacles (Shoals:2)
530 creatures vanquished.

Vanquished Creatures (others)
  A wizard (D:14)
  51 fungi
  83 plants
  6 tentacles (Shoals:2)
  2 withered plants (Shoals:2)
143 creatures vanquished.

Grand Total: 673 creatures vanquished

Notes
Turn   | Place    | Note
-------+----------+-------------------------------------------
     0 | D:1      | HessuHobo the Minotaur Fighter began the quest for the Orb.
     0 | D:1      | Reached XP level 1. HP: 19/19 MP: 0/0
   141 | D:1      | Reached XP level 2. HP: 25/27 MP: 1/1
   635 | D:1      | Reached skill level 4 in Fighting
   689 | D:1      | Reached XP level 3. HP: 25/33 MP: 2/2
  2915 | D:2      | Found a faded altar of an unknown god.
  2928 | D:2      | Reached XP level 4. HP: 38/39 MP: 3/3
  3756 | D:2      | Reached skill level 5 in Axes
  3919 | D:2      | Reached XP level 5. HP: 44/47 MP: 4/4
  4158 | D:2      | Reached skill level 5 in Fighting
  5158 | D:3      | Found Bosarihe's Antique Weapon Shoppe.
  5802 | D:4      | Noticed an ogre
  6147 | D:4      | Reached XP level 6. HP: 40/56 MP: 5/5
  6453 | D:4      | Reached skill level 1 in Throwing
  6550 | D:4      | Reached skill level 6 in Fighting
  6562 | D:4      | Reached XP level 7. HP: 62/63 MP: 6/6
  6790 | D:4      | Identified the +1 robe of the Armoured One {Str+5 Stlth-}
  7450 | D:5      | Entered Level 5 of the Dungeon
  7561 | D:5      | Noticed Prince Ribbit
  7570 | D:5      | Killed Prince Ribbit
  7846 | D:5      | Found a hazy altar of Hepliaklqana.
  8039 | D:5      | Reached XP level 8. HP: 54/71 MP: 7/7
  8216 | D:5      | Reached skill level 7 in Fighting
  8358 | D:5      | Found a white marble altar of Elyvilon.
  8712 | D:5      | Noticed Ijyb
  8726 | D:5      | Killed Ijyb
  8872 | D:5      | Found a runed translucent door.
  8908 | D:5      | Noticed Crazy Yiuf
  9390 | D:5      | Killed Crazy Yiuf
  9455 | D:5      | Identified 2 scrolls of acquirement
  9459 | D:5      | Acquired 716 gold pieces
  9461 | D:5      | Acquired 358 gold pieces
  9834 | D:6      | Found an iron altar of Okawaru.
  9839 | D:6      | Became a worshipper of Warmaster Okawaru
 10848 | D:6      | Reached skill level 10 in Axes
 11400 | D:7      | Reached * piety under Okawaru
 11401 | D:7      | Reached skill level 8 in Fighting
 11471 | D:7      | Noticed a +0 dagger
 11471 | D:7      | Noticed a +0 falchion
 11471 | D:7      | Noticed a +0 dagger
 11474 | D:7      | Noticed a +0 short sword
 11475 | D:7      | Noticed a +0 spear
 11475 | D:7      | Noticed a +0 spear
 11475 | D:7      | Noticed a +0 short sword
 11476 | D:7      | Noticed a +0 falchion
 11479 | D:7      | Found a hide-covered altar of Uskayaw.
 11548 | D:7      | Reached XP level 9. HP: 81/81 MP: 8/8
 11591 | D:7      | Noticed Harold
 11616 | D:7      | Killed Harold
 11617 | D:7      | Reached skill level 5 in Throwing
 11617 | D:7      | Reached skill level 5 in Shields
 11923 | D:7      | Found a staircase to the Ecumenical Temple.
 12226 | D:7      | Identified the +10 trident of Capital Punishment {flame,
                  | *Noise rC- Str+3 Int+3}
 12403 | D:7      | Reached ** piety under Okawaru
 12445 | D:7      | Reached skill level 1 in Polearms
 12507 | D:7      | Found a shimmering altar of Xom.
 12507 | D:7      | Found a burning altar of Makhleb.
 12719 | D:8      | Found a glowing golden altar of the Shining One.
 12719 | D:8      | Found a blossoming altar of Fedhas.
 12727 | D:8      | Reached skill level 9 in Fighting
 13068 | D:7      | Reached skill level 5 in Polearms
 13068 | D:7      | Reached XP level 10. HP: 55/91 MP: 9/9
 13253 | D:7      | Reached *** piety under Okawaru
 13633 | D:8      | Noticed a cyclops
 13846 | D:7      | Reached skill level 10 in Fighting
 13848 | D:7      | Received a gift from Okawaru
 14458 | D:8      | Found a staircase to the Lair.
 14805 | D:9      | Noticed Maggie
 14812 | D:9      | Killed Maggie
 14843 | D:9      | Noticed Joseph
 14857 | D:9      | Killed Joseph
 14857 | D:9      | Reached **** piety under Okawaru
 15465 | D:9      | Found a staircase to the Orcish Mines.
 15661 | D:9      | Noticed a two-headed ogre
 15698 | D:8      | Killed a cyclops
 15854 | D:10     | Entered Level 10 of the Dungeon
 15854 | D:10     | Noticed a two-headed ogre
 15861 | D:11     | Noticed a two-headed ogre
 15866 | D:11     | Killed a two-headed ogre
 15873 | D:10     | Killed a two-headed ogre
 15874 | D:10     | Reached skill level 11 in Fighting
 15874 | D:10     | Reached XP level 11. HP: 36/102 MP: 8/10
 16160 | D:10     | Reached ***** piety under Okawaru
 16376 | D:10     | Reached skill level 10 in Polearms
 16937 | D:9      | Killed a two-headed ogre
 17716 | D:8      | Found Sill's Assorted Antiques.
 18223 | D:11     | Noticed a two-headed ogre
 18231 | D:11     | Killed a two-headed ogre
 18263 | D:11     | Noticed a four-headed hydra
 18270 | D:11     | Killed a four-headed hydra
 18453 | D:11     | Reached skill level 12 in Fighting
 18579 | D:11     | Received a gift from Okawaru
 18580 | D:11     | Reached skill level 10 in Shields
 18851 | D:11     | Found a transporter.
 18854 | D:11     | Noticed Lekart's ghost (journeyman DrFi)
 18857 | D:11     | Noticed a two-headed ogre
 18866 | D:11     | Killed a two-headed ogre
 18887 | D:11     | Found a transporter.
 19155 | D:11     | Received a gift from Okawaru
 19502 | D:12     | Noticed a five-headed hydra
 19507 | D:12     | Killed a five-headed hydra
 19552 | D:12     | Reached XP level 12. HP: 113/113 MP: 11/11
 19750 | D:12     | Noticed Frances
 20066 | Lair:1   | Entered Level 1 of the Lair of Beasts
 20428 | Lair:1   | Identified the +5 hunting sling of Weul {vorpal, +Blink
                  | rF++ rCorr Int-5}
 20470 | Lair:1   | Reached skill level 13 in Fighting
 21137 | Lair:1   | Got the Collected Works on the Shifting Mountains
 21894 | Lair:2   | Reached skill level 1 in Invocations
 22373 | Lair:2   | Identified the +1 leather armour "Xiecloyta" {*Corrode
                  | Int+7}
 22444 | Lair:2   | Noticed Nergalle
 22454 | Lair:2   | Killed Nergalle
 22454 | Lair:2   | Received a gift from Okawaru
 22455 | Lair:2   | Reached skill level 14 in Fighting
 23306 | Lair:3   | Reached ****** piety under Okawaru
 23306 | Lair:3   | Received a gift from Okawaru
 23722 | Lair:3   | Acquired a scarf of repulsion
 23750 | Lair:3   | Noticed a five-headed hydra
 23761 | Lair:3   | Killed a five-headed hydra
 23985 | Lair:3   | Reached XP level 13. HP: 125/125 MP: 15/15
 24169 | Lair:3   | Reached skill level 5 in Invocations
 24240 | Lair:3   | Identified the +5 long sword of Light {vorpal, Str+7}
 24713 | Lair:3   | Received a gift from Okawaru
 25354 | Lair:4   | Reached skill level 15 in Fighting
 25516 | Lair:4   | You fall into a shaft and drop 2 floors!
 25516 | Lair:6   | Entered Level 6 of the Lair of Beasts
 25545 | Lair:5   | Found a frozen archway.
 26175 | Lair:5   | Identified the +2 hat of Supple Strength {Harm rElec rC-
                  | Will- Int+7} (Okawaru gifted it to you on level 5 of the
                  | Lair of Beasts)
 26175 | Lair:5   | Received a gift from Okawaru
 26973 | Lair:5   | Reached skill level 16 in Fighting
 27671 | Lair:4   | Found a staircase to the Shoals.
 27923 | Lair:4   | Found a staircase to the Snake Pit.
 28967 | Lair:6   | Reached skill level 15 in Shields
 28967 | Lair:6   | Reached XP level 14. HP: 138/138 MP: 19/19
 29074 | Lair:6   | Reached skill level 1 in Evocations
 29092 | Lair:6   | Identified the +5 chain mail of the Old World {rN+ Will+}
                  | (Okawaru gifted it to you on level 6 of the Lair of Beasts)
 29092 | Lair:6   | Received a gift from Okawaru
 29780 | Lair:6   | Found a burning altar of Makhleb.
 29833 | Lair:6   | Reached skill level 5 in Armour
 29991 | Lair:6   | Upgraded the game from 0.28-a0-1038-g9c4cb8273d to
                  | 0.28-a0-1199-gef9e1dbd39
 30019 | Lair:6   | Found a gateway to Hell.
 30173 | Lair:6   | Found a radiant altar of Vehumet.
 30505 | Lair:6   | Found a runed translucent door.
 30507 | Lair:6   | Found a viscous altar of Jiyva.
 30509 | Lair:6   | Found a staircase to the Slime Pits.
 30548 | Lair:6   | Noticed an azure jelly
 30564 | Lair:6   | Killed an azure jelly
 30624 | Lair:6   | Identified the +0 cloak of Howling Wind {rF+ rC+} (Okawaru
                  | gifted it to you on level 6 of the Lair of Beasts)
 30624 | Lair:6   | Received a gift from Okawaru
 31503 | D:12     | Reached skill level 17 in Fighting
 31690 | D:12     | Noticed Psyche
 31706 | D:12     | Killed Psyche
 32053 | D:12     | Killed Frances
 32726 | D:13     | Found a runed translucent gate.
 32726 | D:13     | Noticed Htamos's ghost (journeyman TrMo)
 32727 | D:13     | Found a runed translucent gate.
 32728 | D:13     | Found a runed translucent gate.
 32851 | D:13     | Noticed Snorg
 32866 | D:13     | Killed Snorg
 34624 | D:14     | Found an opulent altar of Gozag.
 34793 | D:14     | Found a gate to the Vaults.
 35316 | D:14     | Found a blossoming altar of Fedhas.
 35446 | D:15     | Entered Level 15 of the Dungeon
 35719 | D:15     | Found a white marble altar of Elyvilon.
 36006 | D:15     | Reached XP level 15. HP: 101/147 MP: 21/21
 36357 | D:15     | Reached skill level 5 in Evocations
 36462 | D:15     | Reached skill level 10 in Invocations
 36489 | D:15     | Found Xekk's Distillery.
 36492 | D:15     | Bought 2 potions of haste for 300 gold pieces
 36492 | D:15     | Bought a potion of heal wounds for 75 gold pieces
 36492 | D:15     | Bought a potion of heal wounds for 75 gold pieces
 36492 | D:15     | Bought a potion of might for 60 gold pieces
 36492 | D:15     | Bought a potion of heal wounds for 75 gold pieces
 36521 | D:15     | Found Ibiutoso's Weapon Emporium.
 36528 | D:15     | Received a gift from Okawaru
 36576 | D:15     | Identified Roxanne's Disquisition on Clay
 36576 | D:15     | Noticed Roxanne
 37067 | D:15     | Found Fotrenel's Jewellery Shoppe.
 37114 | D:15     | Received a gift from Okawaru
 37154 | D:15     | Found a staircase to the Depths.
 37302 | D:15     | Found Ynaxar's Antique Weapon Boutique.
 37751 | Shoals:1 | Entered Level 1 of the Shoals
 37751 | Shoals:1 | Found Nire's Self-Improvement Boutique.
 39025 | Shoals:2 | Noticed bgiannan's ghost (adept HOMo)
 39025 | Shoals:2 | Found a runed translucent door.
 39254 | Shoals:2 | Noticed a kraken
 39285 | Shoals:2 | HP: 6/149 [tentacle[a kraken] (14)]
 39285 | Shoals:2 | Slain by a tentacle

Illustrated notes

Levels and vault maps discovered:
D:1:      ebering_trefoil_3fold, layout_rooms, solitary_fountain,
          minmay_misc_feat_enclosed, hangedman_decor_diamond_cutter,
          minmay_misc_feat_tower, minmay_vboxes
D:2:      layout_loops_ring, dreamdust_ecumenical_altar_angels_and_demons,
          minmay_snake_closets
D:3:      layout_loops_ring, serial_shops, shop
D:4:      layout_rooms, grunt_ministairs_4, st_stairs_13
D:5:      layout_layer_cave, mainiacjoe_overflow_surrounded_room,
          lemuel_crystal_altar, minmay_misc_feat_roman, uniq_ijyb,
          uniq_crazy_yiuf_cottage, uniq_prince_ribbit1
D:6:      layout_gridville, lemuel_doored_altar, serial_undead, serial_undead_d,
          serial_undead_c, serial_undead_e, serial_undead_a, serial_undead_c,
          serial_undead_e, minivault_22, serial_bayou_lagoon_a, uniq_eustachio
D:7:      layout_gridville, grunt_temple_overflow_champion_of_chaos,
          nicolae_uskayaw_en_pointe, minmay_temple_entry_butterflies,
          uniq_harold
D:8:      layout_cave_pools, chequers_temple_overflow_statue_of_worship,
          minmay_lair_entry_grove, serial_shops, kennysheep_mini_moat,
          the_hattery
D:9:      layout_big_octagon, erik_orc_1, serial_column_ruins,
          column_ruins_hut_water, column_ruins_hut_pillars,
          column_ruins_open_small, column_ruins_open_small_water,
          column_ruins_open_small, column_ruins_grid_1,
          column_ruins_corridor_dead_end, column_ruins_corridor_straight,
          kennysheep_generic_room_8, uniq_maggie, uniq_joseph
D:10:     layout_long_grid, minmay_misc_feat_iff
D:11:     layout_loops_ring, gammafunk_ghost_berserking_beasts
D:12:     layout_grid_maze, serial_rivers, chequers_serial_rivers_room_b,
          chequers_serial_rivers_small_a, chequers_serial_rivers_micro_e,
          chequers_serial_rivers_large_b, uniq_frances, uniq_psyche
D:13:     layout_gridville, biasface_ghost_orc_armoury, uniq_snorg
D:14:     layout_long_grid, erik_vaults_2, grunt_gozag_statues, minivault_24,
          chequers_serial_rivers_small_b, fedhas_altar_fruit_tree
D:15:     grunt_enter_depths_hoard, layout_loops_ring, elyvilon_altar_4,
          serial_shops, shop_statue, nicolae_shop_bloodbath_and_beyond,
          nicolae_shop_behind_doors, shop, uniq_roxanne
Lair:1:   layout_chaotic_city, chequers_serial_rivers_micro_b,
          columned_hall_lemuel
Lair:2:   layout_long_grid, grunt_megastairs_2, infiniplex_staircase_pool_2,
          serial_bayou_shore_a, uniq_nergalle
Lair:3:   layout_roguey, beast_lair_carwin_7
Lair:4:   layout_cave_pods, elwin_shoals_entry_rocks,
          minmay_snake_entry_six_corridors, grunt_megastairs_3
Lair:5:   layout_gridlike, portal_ice_cave_entry_pillars_1
Lair:6:   evil_forest, layout_small_grid, slime_altar_2, basic_altar,
          nicolae_lair_time_for_slime, serial_bayou_shore_b
Shoals:1: layout_shoals, nicolae_shop_self_help
Shoals:2: layout_shoals, gammafunk_ghost_grave, nzn_prometheus_bound,
          uniq_ilsuiw

Skill      XL: |  1  2  3  4  5  6  7  8  9 10 11 12 13 14 15 |
---------------+----------------------------------------------+-----
Axes           | 3 4 5 6 7 8 10 11 | 11.3
Fighting       | 4 5 6 8 9 11 12 14 16 17 | 17.9
Shields        | 4 6 8 10 13 15 16 | 16.1
Throwing       | 1 3 4 5 |  5.0
Polearms       | 5 9 12 | 12.1
Invocations    | 4 8 9 10 | 10.4
Armour         | 7 8 |  8.7
Evocations     | 4 5 |  5.7

Action                   |  1- 3 |  4- 6 |  7- 9 | 10-12 | 13-15 || total
-------------------------+-------+-------+-------+-------+-------++-------
Melee: War axe           |   100 |   132 |   198 |       |       ||   430
       Headbutt          |    12 |    24 |    48 |    73 |   192 ||   349
       Trident           |       |       |    38 |   441 |   462 ||   941
       Demon trident     |       |       |       |       |   486 ||   486
Throw: Dart              |       |     5 |    20 |     5 |       ||    30
       Javelin           |       |       |       |    23 |    21 ||    44
       Throwing net      |       |       |       |     2 |       ||     2
Invok: Heroism           |       |       |       |     4 |     3 ||     7
       Finesse           |       |       |       |       |     1 ||     1
  Use: Scroll            |       |     3 |     7 |     7 |     9 ||    26
       Potion            |       |       |     3 |     1 |     3 ||     7
Armor: Scale mail        |    45 |    41 |   108 |    18 |       ||   212
       Plate armour      |       |       |       |    57 |   213 ||   270
       Chain mail        |       |       |       |       |    37 ||    37
Dodge: Dodged            |    44 |    66 |    76 |    50 |   126 ||   362
       Repelled          |       |       |       |       |     2 ||     2
Block: Buckler           |    23 |    22 |    30 |       |       ||    75
       Kite shield       |       |       |    34 |   131 |   135 ||   300
       Tower shield      |       |       |       |       |   336 ||   336

Table legend: (Time is in decaauts)
 A = Elapsed time spent in this place.
 B = Non-inter-level travel time spent in this place.
 C = Inter-level travel time spent in this place.
 D = Time resting spent in this place.
 E = Time spent auto-exploring this place.
 F = Levels seen in this place.
 G = Mean time per level.
                   A        B        C        D        E       F      G
               +--------+--------+--------+--------+--------+-----+--------+
         Total |  39174 |  37184 |   1990 |  17125 |  14333 |  23 | 1703.2 |
       Dungeon |  26472 |  24966 |   1506 |  11573 |   9922 |  15 | 1764.8 |
          Lair |  11315 |  10876 |    439 |   5104 |   3877 |   6 | 1885.8 |
        Shoals |   1385 |   1340 |     45 |    447 |    533 |   2 |  692.5 |
               +--------+--------+--------+--------+--------+-----+--------+

Top non-repeatable levels by time:
     D:7: 2778 daAuts
     D:1: 2772 daAuts
  Lair:5: 2383 daAuts
  Lair:3: 2258 daAuts
     D:5: 2185 daAuts
  Lair:6: 1959 daAuts
  Lair:1: 1888 daAuts
  Lair:4: 1883 daAuts
     D:3: 1866 daAuts
     D:6: 1813 daAuts
    D:12: 1722 daAuts
    D:15: 1702 daAuts
     D:9: 1676 daAuts
     D:2: 1653 daAuts
    D:13: 1623 daAuts
